TOP OF THE 1ST |
---|
Houston Marshals batting - Pitching for Jersey Shore D-Bags : RHP José Ramos | Pitching: RHP José Ramos | | Batting: LHB Guy Moss | 0-0: Ball 1-0: Ground out U3 (Groundball, 3) | Batting: SHB Juan Gómez | 0-0: Called Strike 0-1: Ball 1-1: Ball 2-1: Fly out, F9 (Line Drive, 9S) | Batting: LHB Lewis Barr | 0-0: Called Strike 0-1: Ball 1-1: Swinging Strike 1-2: Strikes out swinging | Top of the 1st over - 0 runs, 0 hits, 0 errors, 0 left on base; Houston 0 - Jersey Shore 0 | BOTTOM OF THE 1ST |
---|
Jersey Shore D-Bags batting - Pitching for Houston Marshals : RHP Jim Daniel | Pitching: RHP Jim Daniel | | Batting: LHB Juan Hernández | 0-0: SINGLE (Groundball, 4MD) | Batting: RHB Ricardo González | 0-0: Fielders Choice at 2nd, 1-6 (Groundball, 13) | Batting: RHB Miguel Serna | 0-0: SINGLE (Groundball, 6MD) Ricardo González to second | Batting: LHB António Cedeño | 0-0: Ball 1-0: SINGLE (Flyball, 7LM) Ricardo González to third Miguel Serna to second | Batting: RHB Ben Morton | 0-0: Swinging Strike 0-1: Ball 1-1: Foul Ball, location: 2F 1-2: Fly out, F7 (Flyball, 7LSF) Runner from 3rd tags up, SCORES, no throw | Batting: RHB Mike Ingram | 0-0: Foul Ball, location: 2F 0-1: Hit by Pitch Miguel Serna to third António Cedeño to second | Batting: LHB Albert Morgan | 0-0: Ball 1-0: Ball 2-0: Called Strike 2-1: Fielders Choice at 2nd, 5-4 (Groundball, 5) | Bottom of the 1st over - 1 run, 3 hits, 0 errors, 3 left on base; Houston 0 - Jersey Shore 1 | TOP OF THE 2ND |
---|
Houston Marshals batting - Pitching for Jersey Shore D-Bags : RHP José Ramos | Now in CF: Pat Fullerton | | Batting: RHB Chris Parker | 0-0: Fly out, F9 (Flyball, 9LMF) | Batting: RHB Raúl Soto | 0-0: Ground out 1-3 (Groundball, 13S) | Batting: LHB Matt Smith | 0-0: Called Strike 0-1: Foul Ball, location: 2F 0-2: Ball 1-2: Ball 2-2: Ball 3-2: Strikes out swinging | Top of the 2nd over - 0 runs, 0 hits, 0 errors, 0 left on base; Houston 0 - Jersey Shore 1 | BOTTOM OF THE 2ND |
---|
Jersey Shore D-Bags batting - Pitching for Houston Marshals : RHP Jim Daniel | Batting: LHB Ed Murray | 0-0: Foul Ball, location: 2F 0-1: Ball 1-1: Ball 2-1: Ball 3-1: Ground out 5-3 (Groundball, 25) | Batting: RHB Tetsunori Ito | 0-0: Foul Ball, location: 2F 0-1: Ball 1-1: Foul Ball, location: 2F 1-2: Foul Ball, location: 2F 1-2: Ball 2-2: Strikes out looking | Batting: RHB Pat Fullerton | 0-0: Ball 1-0: Called Strike 1-1: Ball 2-1: Ball 3-1: Foul Ball, location: 2F 3-2: Foul Ball, location: 2F 3-2: SINGLE (Line Drive, 56) | Batting: RHB Ricardo González | 0-0: Ball 1-0: Foul Ball, location: 2F 1-1: Fielders Choice at 2nd, 6-4 (Groundball, 6) | Bottom of the 2nd over - 0 runs, 1 hit, 0 errors, 1 left on base; Houston 0 - Jersey Shore 1 | TOP OF THE 3RD |
---|
Houston Marshals batting - Pitching for Jersey Shore D-Bags : RHP José Ramos | Batting: RHB Esteban Lara | 0-0: Ball 1-0: Swinging Strike 1-1: Foul Ball, location: 2F 1-2: Ball 2-2: Foul Ball, location: 2F 2-2: Foul Ball, location: 2F 2-2: Ball 3-2: SINGLE (Groundball, 4MD) | Batting: RHB Javier Rentería | 0-0: Called Strike 0-1: Swinging Strike 0-2: SINGLE (Flyball, 7LS) Esteban Lara to second | Batting: RHB Michael Thomas | 0-0: Ball 1-0: Fly out, F7 (Line Drive, 7) | Batting: LHB Guy Moss | 0-0: Ball 1-0: Fly out, F6 (Popup, 6M) | Batting: SHB Juan Gómez | 0-0: Ball 1-0: Fielders Choice at 2nd, 6-4 (Groundball, 6) | Top of the 3rd over - 0 runs, 2 hits, 0 errors, 2 left on base; Houston 0 - Jersey Shore 1 | BOTTOM OF THE 3RD |
---|
Jersey Shore D-Bags batting - Pitching for Houston Marshals : RHP Jim Daniel | Batting: RHB Miguel Serna | 0-0: Fly out, F7 (Flyball, 7S) | Batting: LHB António Cedeño | 0-0: Ball 1-0: SINGLE (Flyball, 9LS) | Batting: RHB Ben Morton | 0-0: DOUBLE (Flyball, 78XD) António Cedeño to third Runner from 3rd tries for Home, throw and OUT! Ben Morton to third | Batting: RHB Mike Ingram | 0-0: Called Strike 0-1: Ball 1-1: Fly out, F9 (Flyball, 9S) | Bottom of the 3rd over - 0 runs, 2 hits, 0 errors, 1 left on base; Houston 0 - Jersey Shore 1 | TOP OF THE 4TH |
---|
Houston Marshals batting - Pitching for Jersey Shore D-Bags : RHP José Ramos | Batting: LHB Lewis Barr | 0-0: Ball 1-0: Ground out 6-3 (Groundball, 6) | Batting: RHB Chris Parker | 0-0: Ball 1-0: Foul Ball, location: 2F 1-1: Ball 2-1: Ball 3-1: Foul Ball, location: 2F 3-2: Ground out 6-3 (Groundball, 6) | Batting: RHB Raúl Soto | 0-0: Called Strike 0-1: Swinging Strike 0-2: Ball 1-2: Foul Ball, location: 2F 1-2: Ball 2-2: Foul Ball, location: 2F 2-2: Strikes out swinging | Top of the 4th over - 0 runs, 0 hits, 0 errors, 0 left on base; Houston 0 - Jersey Shore 1 | BOTTOM OF THE 4TH |
---|
Jersey Shore D-Bags batting - Pitching for Houston Marshals : RHP Jim Daniel | Batting: LHB Albert Morgan | 0-0: Ball 1-0: Ground out 5-3 (Groundball, 5L) | Batting: LHB Ed Murray | 0-0: Foul Ball, location: 2F 0-1: Ball 1-1: Fly out, F4 (Line Drive, 4M) | Batting: RHB Tetsunori Ito | 0-0: Ground out 4-3 (Groundball, 4S) | Bottom of the 4th over - 0 runs, 0 hits, 0 errors, 0 left on base; Houston 0 - Jersey Shore 1 | TOP OF THE 5TH |
---|
Houston Marshals batting - Pitching for Jersey Shore D-Bags : RHP José Ramos | Batting: LHB Matt Smith | 0-0: Swinging Strike 0-1: Called Strike 0-2: Ball 1-2: Strikes out looking | Batting: RHB Esteban Lara | 0-0: Foul Ball, location: 2F 0-1: Fly out, F4 (Line Drive, 4) | Batting: RHB Javier Rentería | 0-0: Ball 1-0: Swinging Strike 1-1: Ground out 4-3 (Groundball, 4) | Top of the 5th over - 0 runs, 0 hits, 0 errors, 0 left on base; Houston 0 - Jersey Shore 1 | BOTTOM OF THE 5TH |
---|
Jersey Shore D-Bags batting - Pitching for Houston Marshals : RHP Jim Daniel | Batting: RHB Pat Fullerton | 0-0: Ball 1-0: Called Strike 1-1: Called Strike 1-2: Foul Ball, location: 2F 1-2: Strikes out swinging | Batting: RHB Ricardo González | 0-0: Foul Ball, location: 2F 0-1: Ball 1-1: Fly out, F8 (Flyball, 8LD) | Batting: RHB Miguel Serna | 0-0: Foul Ball, location: 2F 0-1: Foul Ball, location: 2F 0-2: Foul Ball, location: 2F 0-2: Foul Ball, location: 2F 0-2: Ball 1-2: Ball 2-2: Foul Ball, location: 2F 2-2: Ball 3-2: Foul Ball, location: 2F 3-2: Ground out 5-3 (Groundball, 56) | Bottom of the 5th over - 0 runs, 0 hits, 0 errors, 0 left on base; Houston 0 - Jersey Shore 1 | TOP OF THE 6TH |
---|
Houston Marshals batting - Pitching for Jersey Shore D-Bags : RHP José Ramos | Batting: RHB Michael Thomas | 0-0: Called Strike 0-1: DOUBLE (Line Drive, 7LM) | Batting: LHB Guy Moss | 0-0: Ball 1-0: Foul Ball, location: 2F 1-1: Ground out 3-1 (Groundball, 34S) Michael Thomas to third | Batting: SHB Juan Gómez | 0-0: SINGLE (Groundball, 6MD) Michael Thomas scores | Batting: LHB Lewis Barr | 0-0: Ball 1-0: Ball 2-0: Called Strike 2-1: Ball 3-1: Swinging Strike 3-2: SINGLE (Flyball, 89M) Juan Gómez to second | Batting: RHB Chris Parker | 0-0: Called Strike 0-1: Swinging Strike 0-2: Ball 1-2: Foul Ball, location: 2F 1-2: Strikes out swinging | Batting: RHB Raúl Soto | 0-0: Ball 1-0: SINGLE (Groundball, 56D) Juan Gómez to third Lewis Barr to second | Batting: LHB Matt Smith | 0-0: Ball 1-0: Foul Ball, location: 2F 1-1: SINGLE (Popup, 4D) Juan Gómez scores Lewis Barr to third Raúl Soto to second Runner from 3rd tries for Home, SAFE, throw made home | Batting: RHB Esteban Lara | 0-0: Ball 1-0: Ball 2-0: Foul Ball, location: 2F 2-1: Foul Ball, location: 2F 2-2: Strikes out swinging | Top of the 6th over - 3 runs, 5 hits, 0 errors, 2 left on base; Houston 3 - Jersey Shore 1 | BOTTOM OF THE 6TH |
---|
Jersey Shore D-Bags batting - Pitching for Houston Marshals : RHP Jim Daniel | Batting: LHB António Cedeño | 0-0: Ball 1-0: Ball 2-0: Ball 3-0: Base on Balls | Batting: RHB Ben Morton | 0-0: Called Strike 0-1: Ball 1-1: Ball 2-1: Fielders Choice at 2nd, 3-6 (Groundball, 34) | Batting: RHB Mike Ingram | 0-0: Ball 1-0: Swinging Strike 1-1: Foul Ball, location: 2F 1-2: Grounds into double play, 6-4-3 (Groundball, 6M) | Bottom of the 6th over - 0 runs, 0 hits, 0 errors, 0 left on base; Houston 3 - Jersey Shore 1 | TOP OF THE 7TH |
---|
Houston Marshals batting - Pitching for Jersey Shore D-Bags : RHP José Ramos | Batting: RHB Javier Rentería | 0-0: Called Strike 0-1: Ground out 6-3 (Groundball, 6) | Batting: RHB Michael Thomas | 0-0: Swinging Strike 0-1: Ball 1-1: Ball 2-1: Called Strike 2-2: Strikes out swinging | Batting: LHB Guy Moss | 0-0: TRIPLE (Groundball, 5L) | Batting: SHB Juan Gómez | 0-0: Called Strike 0-1: Swinging Strike 0-2: Foul Ball, location: 2F 0-2: Ball 1-2: Ball 2-2: Strikes out looking | Top of the 7th over - 0 runs, 1 hit, 0 errors, 1 left on base; Houston 3 - Jersey Shore 1 | BOTTOM OF THE 7TH |
---|
Jersey Shore D-Bags batting - Pitching for Houston Marshals : RHP Jim Daniel | Batting: LHB Albert Morgan | 0-0: Called Strike 0-1: Foul Ball, location: 2F 0-2: Foul Ball, location: 2F 0-2: Ball 1-2: Ball 2-2: Ground out 4-3 (Groundball, 4M) | Batting: LHB Ed Murray | 0-0: Ball 1-0: Called Strike 1-1: Called Strike 1-2: Ball 2-2: Ball 3-2: Base on Balls | Batting: RHB Tetsunori Ito | 0-0: Called Strike 0-1: Swinging Strike 0-2: Foul Ball, location: 2F 0-2: Strikes out swinging | Batting: RHB Pat Fullerton | 0-0: Called Strike 0-1: Swinging Strike 0-2: Strikes out looking | Bottom of the 7th over - 0 runs, 0 hits, 0 errors, 1 left on base; Houston 3 - Jersey Shore 1 | TOP OF THE 8TH |
---|
Houston Marshals batting - Pitching for Jersey Shore D-Bags : RHP José Ramos | Batting: LHB Lewis Barr | 0-0: Ball 1-0: Called Strike 1-1: Called Strike 1-2: Ground out 4-3 (Groundball, 4S) | Batting: RHB Chris Parker | 0-0: Ball 1-0: SINGLE (Groundball, 56D) | Batting: RHB Raúl Soto | 0-0: Swinging Strike 0-1: Ball 1-1: Foul Ball, location: 2F 1-2: SINGLE (Groundball, 6D) Chris Parker to second | Batting: LHB Matt Smith | 0-0: Called Strike 0-1: Ball 1-1: Ball 2-1: Foul Ball, location: 2F 2-2: Strikes out swinging | Pinch Hitting: LHB José Rodríguez | 0-0: Swinging Strike 0-1: Ball 1-1: Swinging Strike 1-2: Strikes out swinging | Top of the 8th over - 0 runs, 2 hits, 0 errors, 2 left on base; Houston 3 - Jersey Shore 1 | BOTTOM OF THE 8TH |
---|
Jersey Shore D-Bags batting - Pitching for Houston Marshals : RHP Jim Daniel | Pitching: RHP Álex Rodríguez | | Now at 2B: José Rodríguez | | Batting: RHB Ricardo González | 0-0: Ball 1-0: Ball 2-0: Ball 3-0: Called Strike 3-1: Base on Balls | Batting: RHB Miguel Serna | 0-0: Ball 1-0: Called Strike 1-1: Ball 2-1: Called Strike 2-2: Strikes out swinging | Batting: LHB António Cedeño | 0-0: Foul Ball, location: 2F 0-1: Ball 1-1: Fly out, F7 (Flyball, 7) | Batting: RHB Ben Morton | 0-0: Called Strike 0-1: Called Strike 0-2: Ball 1-2: Ball 2-2: Ground out 4-3 (Groundball, 4) | Bottom of the 8th over - 0 runs, 0 hits, 0 errors, 1 left on base; Houston 3 - Jersey Shore 1 | TOP OF THE 9TH |
---|
Houston Marshals batting - Pitching for Jersey Shore D-Bags : RHP José Ramos | Batting: RHB Javier Rentería | 0-0: Ball 1-0: Called Strike 1-1: Ground out 1-3 (Groundball, 15S) | Pitching: LHP Hyo-chin Kim | | Batting: RHB Michael Thomas | 0-0: Called Strike 0-1: Swinging Strike 0-2: Ball 1-2: Foul Ball, location: 2F 1-2: SINGLE (Groundball, 6MD) | Batting: LHB Guy Moss | 0-0: Ball 1-0: Foul Ball, location: 2F 1-1: Ball 2-1: Called Strike 2-2: Foul Ball, location: 2F 2-2: SINGLE (Line Drive, 56) Michael Thomas to second | Pitching: LHP Gerald Johnson | | Pinch Hitting: SHB Ramón Lugo | 0-0: Called Strike 0-1: Ball 1-1: Ball 2-1: Foul Ball, location: 2F 2-2: Foul Ball, location: 2F 2-2: Strikes out swinging | Batting: LHB Lewis Barr | 0-0: Ball 1-0: Foul Ball, location: 2F 1-1: Swinging Strike 1-2: Strikes out swinging | Top of the 9th over - 0 runs, 2 hits, 0 errors, 2 left on base; Houston 3 - Jersey Shore 1 | BOTTOM OF THE 9TH |
---|
Jersey Shore D-Bags batting - Pitching for Houston Marshals : RHP Álex Rodríguez | Pitching: RHP Vinícius Itaquy | | Now at C: Gustavo Díaz | | Batting: RHB Mike Ingram | 0-0: Swinging Strike 0-1: Ground out 6-3 (Groundball, 6) | Batting: LHB Albert Morgan | 0-0: Called Strike 0-1: Called Strike 0-2: Ball 1-2: Ground out 4-3 (Groundball, 4MS) | Batting: LHB Ed Murray | 0-0: Called Strike 0-1: Swinging Strike 0-2: Ball 1-2: Foul Ball, location: 2F 1-2: Ball 2-2: Ball 3-2: Strikes out swinging | Bottom of the 9th over - 0 runs, 0 hits, 0 errors, 0 left on base; Houston 3 - Jersey Shore 1 | |